 Dungeon Crawl Stone Soup version 0.16.1-11-g651b585 (webtiles) character file.

63235 Chiseanne the Nimble (level 14, -1/113 HPs)
             Began as a Demonspawn Monk on Mar 31, 2015.
             Was an Elder of Okawaru.
             Slain by a spiny frog (10 damage)
             ... on level 6 of the Lair of Beasts on Apr 1, 2015.
             The game lasted 02:24:42 (27492 turns).

Chiseanne the Nimble (Demonspawn Monk)             Turns: 27492, Time: 02:24:43

Health: -1/113     AC: 23    Str: 25    XL:     14   Next: 67%
Magic:  44/44      EV:  2    Int: 11    God:    Okawaru [****..]
Gold:   1476       SH:  0    Dex: 18    Spells: 3 memorised, 10 levels left

rFire  + + .     SeeInvis +     a - +7 scimitar of Xom's Benevolence {flame, rElec MR- MP+9}
rCold  . . .     Clarity  .     W - +2 robe of Servitude {rElec Str+7}
rNeg   + + +     SustAb   .     r - +0 shield {rPois}
rPois  ∞         Gourm    .     o - +2 hat {rF+}
rElec  +         Spirit   .     X - +1 cloak "Motounib" {god gift, -Cast rF+ MP+9 Str+3 SInv}
rCorr  .         Warding  .     T - +1 pair of gloves
rMut   .         Stasis   .     B - +2 pair of boots
MR     .....     NoCast   +     G - amulet of regeneration
Stlth  ++........               Q - +4 ring of evasion
                                y - +5 ring of protection

@: petrified, not resistant to hostile enchantments, unstealthy
A: horns 1, slimy green scales 2, foul stench 1, spiny 2, rot immunity
a: Heroism, Renounce Religion


You were on level 6 of the Lair of Beasts.
You worshipped Okawaru.
Okawaru was greatly pleased with you.
You were hungry.

You visited 3 branches of the dungeon, and saw 24 of its levels.
You visited the Abyss 2 times.
You also visited: Labyrinth, Ossuary and Volcano.

You collected 2751 gold pieces.
You spent 1275 gold pieces at shops.

Inventory:

Hand weapons
 a - the +7 scimitar of Xom's Benevolence (weapon) {flame, rElec MR- MP+9}
   (You bought it in a shop on level 4 of the Orcish Mines)

   It has been specially enchanted to burn those struck by it, causing extra
   injury to most foes and up to half again as much damage against particularly
   susceptible opponents.
   Big, fiery blades are also staple armaments of hydra-hunters.
   It insulates you from electricity.
   It affects your resistance to hostile enchantments.
   It affects your magic capacity (+9).
 s - a +0 flail of protection
 w - a +0 blowgun
Missiles
 d - 3 curare-tipped needles
 v - 159 poisoned needles
 E - 2 throwing nets (quivered)
Armour
 m - the +3 fire dragon armour "Vostonep" {+Inv rF++ rC- MR+ rCorr Str-3}
   (You found it in a volcano)

   It affects your strength (-3).
   It greatly protects you from fire.
   It makes you vulnerable to cold.
   It affects your resistance to hostile enchantments.
   It lets you turn invisible.
   It protects you from acid and corrosion.
 o - a +2 hat of fire resistance (worn)
 r - a +0 shield of poison resistance (worn)
 B - a +2 pair of boots (worn)
 T - a +1 pair of gloves (worn)
 W - the +2 robe of Servitude (worn) {rElec Str+7}
   (You found it on level 9 of the Dungeon)

   It affects your strength (+7).
   It insulates you from electricity.
 X - the +1 cloak "Motounib" (worn) {god gift, -Cast rF+ MP+9 Str+3 SInv}
   (Okawaru gifted it to you on level 10 of the Dungeon)

   It affects your strength (+3).
   It protects you from fire.
   It affects your magic capacity (+9).
   It enhances your eyesight.
   It prevents spellcasting.
Jewellery
 f - a cursed amulet of inaccuracy {unknown}
 l - an uncursed ring of flight
 u - an uncursed amulet of rage {unknown}
 y - a +5 ring of protection (left hand)
 G - an amulet of regeneration (around neck)
 Q - a +4 ring of evasion (right hand)
Magical devices
 t - a wand of fire (4)
 K - a wand of heal wounds (0)
 V - a wand of fire (8)
Scrolls
 e - 3 scrolls of fog
 x - 2 scrolls of teleportation
 A - 8 scrolls of remove curse
 F - a scroll of identify
 R - a scroll of blinking
Potions
 c - 2 potions of restore abilities
 h - 11 potions of curing
 i - a potion of flight
 k - a potion of haste
 n - a potion of brilliance
 p - 2 potions of berserk rage
 q - a potion of resistance {unknown}
 z - 4 potions of heal wounds
 D - a potion of invisibility
 L - 2 potions of might
 O - 3 potions of ambrosia
 P - a potion of cancellation {unknown}
 S - a potion of magic {unknown}
Books
 j - a book of Annihilations {highlevel, unknown}

   This book is beyond your current level of understanding.

   Spells                             Type                      Level
   a - Poison Arrow                   Conjuration/Poison           6
   b - Chain Lightning                Conjuration/Air              8
   c - Lehudib's Crystal Spear        Conjuration/Earth            8
   d - Glaciate                       Conjuration/Ice              9
   e - Fire Storm                     Conjuration/Fire             9
 C - a book of Necromancy

   Spells                             Type                      Level
   a - Pain                           Necromancy                   1
   b - Animate Skeleton               Necromancy                   1
   c - Vampiric Draining              Necromancy                   3
   d - Regeneration                   Charms/Necromancy            3
   e - Animate Dead                   Necromancy                   4
   f - Control Undead                 Necromancy                   4
Comestibles
 b - 7 bread rations
 g - 11 meat rations
 M - 9 royal jellies
 Y - 6 fruits


   Skills:
 - Level 11.2 Fighting
 + Level 8.2 Long Blades
   Level 6.5 Crossbows
 - Level 11.0 Armour
 - Level 13.2 Dodging
 - Level 1.7 Stealth
 - Level 7.2 Shields
 - Level 3.6 Unarmed Combat
 - Level 8.4 Invocations


You had 10 spell levels left.
You knew the following spells:

 Your Spells              Type           Power        Failure   Level  Hunger
a - Animate Skeleton      Necr           N/A          87%         1    ##.....
b - Apportation           Tloc           #.........   87%         1    ##.....
c - Corona                Hex            #......      87%         1    ##.....


Dungeon Overview and Level Annotations

Branches:
Dungeon (14/15)            Temple (0/1) D:7            Lair (6/8) D:11
 Shoals (0/5) Lair:4       Spider (0/5) Lair:4          Orc (4/4) D:12
    Elf (0/3) Orc:3
  Slime: Lair:6-8    Vaults: D:13-14

Altars:
Ashenzari
Fedhas
Kikubaaqudgha
Makhleb
Nemelex Xobeh
Okawaru
Ru
Yredelemnul
Beogh

Shops:
D:4 }   D:6 =   D:7 ?}   Orc:4 *%(*

Portals:
Trove: D:10 (give 23 scrolls of identify)

Annotations:
D:14 Erica, Louise


Innate Abilities, Weirdness & Mutations

You have a pair of small horns on your head.
You are mostly covered in slimy green scales (AC +3).
You emit a foul stench.
You are mostly covered in sharp spines.
You are immune to rotting.


Message History

The hippogriff bites you but does no damage.
The hippogriff pecks you but does no damage.
The hippogriff claws you but does no damage.
The yak gores you but does no damage. The yak gores you!
* * * LOW HITPOINT WARNING * * *
You emit a cloud of foul miasma!
The spiny frog stings you!
* * * LOW HITPOINT WARNING * * *
You kill the yak!
Okawaru accepts your kill. The yak gores you but does no damage.
The hippogriff is engulfed in dark miasma.
The hippogriff looks even sicker.
You kill the hippogriff!
Okawaru accepts your kill. The spiny frog stings you.
* * * LOW HITPOINT WARNING * * *
The yak gores you!
* * * LOW HITPOINT WARNING * * *
The yak gores you but does no damage. The spiny frog stings you!!
You die...

.....#.............
......................
.....#.................
....#...................
..P.....................#
..................P.....#
..............>....P.....
...............FY§.....#..
................@§Y.....#
................Y§.......#
.........................
...........P......PP....#
.................##......
......)...........#.....
#................#.....
............#..###..#.
.#P.#........#....##


You could see 3 yaks and a spiny frog.

Vanquished Creatures
  Maud (Lair:4)
  Gastronok (D:10)
  The ghost of Magnus the Blocker, a powerful FoFi of Ru (Lair:4)
  Snorg (Orc:2)
  Josephine (D:11)
  Fannar (Orc:4)
  A minotaur (Lab)
  A centaur warrior (D:13)
  2 hydras
  5 orc high priests (Orc:4)
  A sun demon (D:12)
  3 unseen horrors
  Erolcha (D:11)
  6 hill giants
  4 lindwurms (Lair:3)
  8 orc knights
  5 ugly things
  A griffon (D:14)
  4 cyclopes
  4 elephants
  8 spiny frogs
  A siren (Lair:4)
  3 black mambas
  A centaur skeleton (D:11)
  2 rust devils
  A gargoyle (D:12)
  2 kobold demonologists
  A redback zombie (D:14)
  An efreet (Volcano)
  2 komodo dragons
  A queen bee (Lair:3)
  2 polar bears
  Sonja (D:11)
  2 fire vortices (Volcano)
  5 trolls
  2 two-headed ogres
  9 slime creatures
  5 blink frogs (Lair:1)
  2 basilisks (Lair:6)
  A shadow (D:13)
  25 yaks
  A vampire (D:14)
  A trapdoor spider (D:10)
  A fire elemental (Volcano)
  2 deep elf magi
  4 wraiths
  6 hippogriffs
  A spriggan (shapeshifter) (D:13)
  4 vampire mosquitoes (D:12)
  2 steam dragons
  The ghost of Chiseanne the Skirmisher, an average DsMo (D:3)
  5 wolves
  2 wargs
  6 water moccasins
  38 orc warriors
  5 necrophages (Lair:4)
  9 porcupines
  5 ice beasts
  3 sky beasts
  2 black bears
  2 eyes of draining
  The ghost of Grujah the Skirmisher, an average DsFi (D:5)
  2 phantoms
  A wasp (D:13)
  11 centaurs
  5 ogres
  3 crocodiles
  13 giant frogs
  5 big kobolds
  3 elf zombies (Ossuary)
  3 scorpions
  2 wyvern skeletons
  A gnoll sergeant (D:6)
  A small abomination (Abyss:1)
  10 wights
  23 killer bees
  4 jellies
  11 crimson imps
  5 centaur zombies
  3 giant frog zombies
  4 lava snakes (Lab)
  4 goliath beetles
  3 iron imps (D:10)
  A human zombie (Ossuary)
  12 hounds
  2 electric eels (Lair:1)
  4 giant frog skeletons
  10 worker ants
  20 iguanas
  36 orc priests
  27 orc wizards
  3 big kobold zombies (Ossuary)
  Ijyb (D:4)
  11 sheep
  4 mummies
  A hound zombie (Ossuary)
  17 gnolls
  3 worker ant zombies
  22 adders
  45 river rats
  5 shadow imps
  2 worms (D:2)
  12 white imps (Lair:1)
  4 adder zombies (Ossuary)
  5 giant geckos
  2 oozes
  208 orcs
  A ball python (D:2)
  16 bats
  A bat zombie (D:4)
  20 goblins
  22 hobgoblins
  13 jackals
  27 quokkas
  6 giant cockroaches
  7 giant newts
  3 goblin zombies (Ossuary)
  4 hobgoblin zombies (Ossuary)
  4 jackal zombies (Ossuary)
  43 kobolds
  2 kobold zombies (Ossuary)
  2 orc zombies (Ossuary)
  5 quokka zombies (Ossuary)
  17 rats
  3 rat zombies
  A bush (D:10)
  8 fungi
  A plant (Lair:5)
1010 creatures vanquished.

Vanquished Creatures (others)
  A smoke demon (Abyss:1)
  An orc wizard (D:13)
  A white imp (Abyss:1)
  An ufetubus (D:14)
4 creatures vanquished.

Grand Total: 1014 creatures vanquished

Notes
Turn   | Place    | Note
--------------------------------------------------------------
     0 | D:1      | Chiseanne, the Demonspawn Monk, began the quest for the Orb.
     0 | D:1      | Reached XP level 1. HP: 18/18 MP: 1/1
   568 | D:1      | Gained mutation: You have a pair of small horns on your head. [demonic ancestry]
   568 | D:1      | Reached XP level 2. HP: 24/24 MP: 2/2
  1433 | D:2      | Reached XP level 3. HP: 10/29 MP: 3/3
  2164 | D:2      | Found an iron altar of Okawaru.
  2196 | D:2      | Became a worshipper of Warmaster Okawaru
  2196 | D:2      | Acquired Okawaru's first power
  2235 | D:2      | Reached XP level 4. HP: 33/37 MP: 4/4
  2462 | D:2      | Reached skill level 4 in Fighting
  2837 | D:3      | Gained mutation: You are partially covered in sharp spines. [demonic ancestry]
  2837 | D:3      | Reached XP level 5. HP: 41/43 MP: 5/5
  2974 | D:3      | Noticed Chiseanne's ghost (average DsMo)
  3464 | D:3      | Killed Chiseanne's ghost
  3464 | D:3      | Reached skill level 5 in Dodging
  3464 | D:3      | Reached XP level 6. HP: 23/50 MP: 6/6
  3873 | D:3      | Reached skill level 5 in Fighting
  4281 | D:4      | Reached skill level 6 in Dodging
  4460 | D:4      | Found Fihunn's Gadget Shop.
  4461 | D:4      | Noticed Ijyb
  4468 | D:4      | Killed Ijyb
  4508 | D:4      | Reached XP level 7. HP: 53/56 MP: 7/7
  4614 | D:4      | Found a sparkling altar of Nemelex Xobeh.
  4656 | D:4      | Found an ancient bone altar of Kikubaaqudgha.
  5277 | D:5      | Entered Level 5 of the Dungeon
  5379 | D:5      | Reached skill level 1 in Armour
  5511 | D:5      | Noticed Grujah's ghost (average DsFi)
  5538 | D:5      | Killed Grujah's ghost
  5861 | D:5      | Found a blossoming altar of Fedhas.
  5868 | D:5      | Found a basalt altar of Yredelemnul.
  6251 | D:6      | Reached XP level 8. HP: 63/65 MP: 8/8
  6272 | D:6      | Found Thrur's Jewellery Emporium.
  6309 | D:6      | Bought a +3 ring of dexterity for 188 gold pieces
  6309 | D:6      | Bought a cursed -3 ring of dexterity for 24 gold pieces
  6909 | D:6      | Reached skill level 7 in Fighting
  7148 | D:7      | Found a burning altar of Makhleb.
  7253 | D:7      | Found Pased's Gadget Shop.
  7261 | D:7      | Found Plai's Magic Scroll Shop.
  7271 | D:7      | Bought a scroll of identify for 28 gold pieces
  7271 | D:7      | Bought a scroll of identify for 28 gold pieces
  7271 | D:7      | Bought a scroll of identify for 28 gold pieces
  7271 | D:7      | Bought a scroll of remove curse for 42 gold pieces
  7271 | D:7      | Bought a scroll of teleportation for 42 gold pieces
  7278 | D:7      | Reached skill level 5 in Armour
  7520 | D:7      | Found a sand-covered staircase.
  7526 | Ossuary  | Entered an ossuary
  7674 | Ossuary  | Gained mutation: You are partially covered in slimy green scales (AC +2). [demonic ancestry]
  7674 | Ossuary  | Reached XP level 9. HP: 72/72 MP: 9/9
  8133 | D:7      | Bought a scroll of identify for 28 gold pieces
  8133 | D:7      | Bought a scroll of teleportation for 42 gold pieces
  8409 | D:7      | Found a sacrificial altar of Ru.
  8532 | D:7      | Found a staircase to the Ecumenical Temple.
  8644 | D:7      | Reached skill level 8 in Fighting
  8733 | D:7      | Acquired Okawaru's second power
  9518 | D:8      | Reached skill level 9 in Armour
 10136 | D:9      | Gained mutation: You are mostly covered in sharp spines. [demonic ancestry]
 10136 | D:9      | Reached XP level 10. HP: 68/82 MP: 10/10
 10178 | D:9      | Got a brightly glowing marble ring
 10489 | D:9      | Reached skill level 10 in Armour
 10657 | D:9      | Got a thick robe
 10689 | D:9      | Identified the +2 robe of Servitude {rElec Str+7} (You found it on level 9 of the Dungeon)
 10778 | D:9      | Found a runed door.
 10824 | D:9      | Identified the ring of the Zebra {rElec MP+9 Dex+2} (You found it on level 9 of the Dungeon)
 10853 | D:9      | Found a shattered altar of Ashenzari.
 10980 | D:9      | Received a gift from Okawaru
 11078 | D:9      | Noticed an orc knight
 11104 | D:9      | Killed an orc knight
 11182 | D:9      | Found a roughly hewn altar of Beogh.
 11193 | D:9      | Got a steaming robe
 11211 | D:9      | Identified the +0 robe "Qouv" {rF+} (You found it on level 9 of the Dungeon)
 11320 | D:10     | Entered Level 10 of the Dungeon
 11331 | D:9      | Reached skill level 11 in Armour
 11444 | D:10     | Reached skill level 1 in Crossbows
 11466 | D:10     | Noticed a hill giant
 11478 | D:10     | Killed a hill giant
 11478 | D:10     | Received a gift from Okawaru
 11481 | D:10     | Got a brightly glowing cloak {god gift}
 11489 | D:10     | Identified the +1 cloak "Motounib" {god gift, -Cast rF+ MP+9 Str+3 SInv} (Okawaru gifted it to you on level 10 of the Dungeon)
 11522 | D:10     | Found a portal to a secret trove of treasure.
 11562 | D:10     | Noticed a rust devil
 11578 | D:10     | Found a basalt altar of Yredelemnul.
 11673 | D:10     | Noticed Gastronok
 11707 | D:10     | Killed Gastronok
 11707 | D:10     | Gained mutation: You are mostly covered in slimy green scales (AC +3). [demonic ancestry]
 11707 | D:10     | Reached XP level 11. HP: 89/89 MP: 11/11
 12015 | D:10     | Noticed a hill giant
 12025 | D:10     | Killed a hill giant
 12025 | D:10     | Reached skill level 5 in Crossbows
 12192 | D:10     | Killed a rust devil
 12509 | D:11     | Learned a level 1 spell: Animate Skeleton
 12511 | D:11     | Learned a level 1 spell: Apportation
 12513 | D:11     | Learned a level 1 spell: Corona
 12536 | D:11     | Noticed Erolcha
 12548 | D:11     | Killed Erolcha
 12705 | D:11     | Found a staircase to the Lair.
 12846 | D:11     | Reached skill level 1 in Invocations
 13050 | D:11     | Received a gift from Okawaru
 13255 | D:11     | Noticed Josephine
 13266 | D:11     | Killed Josephine
 13489 | D:11     | Noticed Sonja
 13504 | D:11     | Killed Sonja
 13540 | D:11     | Gained mutation: You are immune to rotting. [demonic ancestry]
 13540 | D:11     | Reached XP level 12. HP: 97/97 MP: 18/18
 13629 | D:11     | Reached skill level 10 in Fighting
 13851 | Lair:1   | Entered Level 1 of the Lair of Beasts
 13890 | Lair:1   | Reached skill level 10 in Dodging
 14050 | Lair:1   | Received a gift from Okawaru
 14377 | Lair:1   | Received a gift from Okawaru
 14380 | Lair:1   | Got an ichor-stained robe {god gift}
 14392 | Lair:1   | Identified the -4 robe of Protective Custody {god gift, Str+2 Dex+4} (Okawaru gifted it to you on level 1 of the Lair of Beasts)
 14513 | Lair:1   | Noticed a four-headed hydra
 14520 | Lair:1   | Killed a four-headed hydra
 14674 | Lair:1   | Reached skill level 5 in Invocations
 15412 | D:12     | Noticed a five-headed hydra
 15418 | D:12     | Killed a five-headed hydra
 15739 | D:12     | Found a staircase to the Orcish Mines.
 16499 | D:13     | Reached skill level 12 in Dodging
 16835 | D:13     | Reached XP level 13. HP: 96/104 MP: 23/23
 17002 | D:13     | Noticed a centaur warrior
 17033 | D:13     | Killed a centaur warrior
 17033 | D:13     | Received a gift from Okawaru
 17710 | D:14     | Received a gift from Okawaru
 17780 | D:14     | Reached skill level 1 in Shields
 17865 | D:14     | Noticed Louise
 17875 | D:14     | Cast into the Abyss (Louise)
 18006 | D:14     | Escaped the Abyss
 18188 | D:14     | Cast into the Abyss (Louise)
 18284 | Abyss:1  | Found a corrupted altar of Lugonu.
 18395 | D:14     | Escaped the Abyss
 18437 | D:14     | Noticed Erica
 18710 | Orc:1    | Entered Level 1 of the Orcish Mines
 19940 | Orc:3    | Found a staircase to the Elven Halls.
 20251 | Orc:2    | Reached skill level 5 in Shields
 20344 | Orc:2    | Noticed Snorg
 20372 | Orc:2    | Killed Snorg
 20477 | Orc:4    | Entered Level 4 of the Orcish Mines
 20725 | Orc:4    | Noticed Fannar
 20747 | Orc:4    | Killed Fannar
 20900 | Orc:4    | Found a roughly hewn altar of Beogh.
 22372 | Orc:4    | Received a gift from Okawaru
 22400 | Orc:4    | Reached skill level 13 in Dodging
 22489 | Orc:4    | Gained mutation: You emit a foul stench. [demonic ancestry]
 22489 | Orc:4    | Reached XP level 14. HP: 100/113 MP: 26/26
 22526 | Orc:4    | Received a gift from Okawaru
 22627 | Orc:4    | Found Gikih's Food Shop.
 22628 | Orc:4    | Found Udaleaj's General Store.
 22628 | Orc:4    | Found Psa Raext's Assorted Antiques.
 22629 | Orc:4    | Found Buicell's Antique Weapon Boutique.
 22639 | Orc:4    | Bought a potion of curing for 39 gold pieces
 22639 | Orc:4    | Bought a scroll of identify for 26 gold pieces
 22643 | Orc:4    | Bought an encrusted scimitar for 216 gold pieces
 22645 | Orc:4    | Bought a potion of curing for 99 gold pieces
 22645 | Orc:4    | Bought a potion of restore abilities for 165 gold pieces
 22645 | Orc:4    | Bought a scroll of immolation for 115 gold pieces
 22645 | Orc:4    | Bought a potion of heal wounds for 165 gold pieces
 22808 | Orc:3    | Identified the +7 scimitar of Xom's Benevolence {flame, rElec MR- MP+9} (You bought it in a shop on level 4 of the Orcish Mines)
 22962 | Lair:2   | Reached skill level 1 in Long Blades
 23004 | Lair:2   | Found a labyrinth entrance.
 23015 | Lab      | Entered a labyrinth
 23059 | Lab      | Found an exit through the horrors of the Abyss.
 24200 | Lair:3   | Got a heavily runed cloak
 24226 | Lair:3   | Identified a +4 rod of clouds (10/10) (You found it on level 3 of the Lair of Beasts)
 24233 | Lair:4   | Found a hole to the Spider Nest.
 24394 | Lair:4   | Noticed Maud
 24425 | Lair:4   | Killed Maud
 24425 | Lair:4   | Reached skill level 5 in Long Blades
 24827 | Lair:4   | Noticed Magnus' ghost (powerful FoFi)
 24847 | Lair:4   | Killed Magnus' ghost
 24921 | Lair:4   | Found a staircase to the Shoals.
 25232 | Lair:3   | Identified the +0 cloak "Erghemab" {rElec rF- Dex+7} (You found it on level 3 of the Lair of Beasts)
 25259 | Lair:3   | Found a basalt altar of Yredelemnul.
 26956 | Lair:6   | Found a dark tunnel.
 26967 | Volcano  | Entered a volcano
 26976 | Volcano  | Got a twisted fire dragon armour
 27261 | Lair:6   | Identified the +3 fire dragon armour "Vostonep" {+Inv rF++ rC- MR+ rCorr Str-3} (You found it in a volcano)
 27492 | Lair:6   | Slain by a spiny frog

Action                   |  1- 3 |  4- 6 |  7- 9 | 10-12 | 13-15 || total
-------------------------+-------+-------+-------+-------+-------++-------
Melee: Unarmed           |   127 |     8 |       |       |       ||   135
       Club              |       |     1 |    35 |       |       ||    36
       Dagger            |       |       |     4 |       |       ||     4
       Flail             |       |       |       |   682 |   924 ||  1606
       Trident           |       |       |       |       |     3 ||     3
       Scimitar          |       |       |       |       |   482 ||   482
 Fire: Arbalest          |    13 |   128 |   502 |   253 |       ||   896
       Blowgun           |       |       |       |     5 |    46 ||    51
Throw: Javelin           |       |     8 |       |       |       ||     8
       Throwing net      |       |     1 |       |     1 |       ||     2
 Cast: Apportation       |       |       |       |       |     2 ||     2
Invok: Heroism           |       |       |     2 |    17 |    15 ||    34
       Finesse           |       |       |       |       |     3 ||     3
Evoke: Wand              |       |       |       |     6 |     5 ||    11
  Use: Scroll            |       |    12 |     9 |     9 |    21 ||    51
       Potion            |       |       |       |     3 |    10 ||    13
 Stab: Sleeping          |     3 |       |       |     4 |     6 ||    13
       Distracted        |       |       |       |       |     2 ||     2
  Eat: Chunk             |     4 |     7 |    16 |    21 |    22 ||    70
       Pizza             |       |       |     1 |     1 |     1 ||     3
       Fruit             |       |       |     3 |     3 |    26 ||    32
       Beef jerky        |       |       |     1 |     4 |     1 ||     6
